 Dungeon Crawl Stone Soup version 0.22-a0-525-gf69a080 (webtiles) character file.

35221 kae the Arsonist (level 13, -6/80 HPs)
             Began as a Tengu Fire Elementalist on June 20, 2018.
             Was an Elder of Vehumet.
             Mangled by a yak (12 damage)
             ... on level 6 of the Lair of Beasts.
             The game lasted 00:39:49 (28509 turns).

kae the Arsonist (Tengu Fire Elementalist)         Turns: 28509, Time: 00:39:50

Health: -6/80      AC:  6    Str: 10    XL:     13   Next: 82%
Magic:  10/26      EV: 18    Int: 23    God:    Vehumet [****..]
Gold:   917        SH:  0    Dex: 14    Spells: 12/28 levels left

rFire    + . .     SeeInvis .   F - staff of fire
rCold    . . .     Gourm    .   (no shield)
rNeg     . . .     Faith    .   a - +0 robe
rPois    +         Spirit   .   P - +1 hat
rElec    .         Reflect  .   i - +2 cloak
rCorr    .         Harm     .   (no gloves)
MR       .....                  (boots unavailable)
Stlth    ++........             O - amulet of magic regeneration
HPRegen  0.23/turn              l - +3 ring of intelligence
MPRegen  0.45/turn              M - ring of poison resistance

@: no status effects
A: beak, talons 3, able to fly 1
a: Fly, Renounce Religion


You were on level 6 of the Lair of Beasts.
You worshipped Vehumet.
Vehumet was greatly pleased with you.
You were not hungry.

You visited 3 branches of the dungeon, and saw 19 of its levels.
You also visited: Volcano.

You collected 985 gold pieces.
You spent 68 gold pieces at shops.

Inventory:

Hand Weapons
 d - a +0 club of venom
 j - a +0 short sword of speed
Missiles
 w - 306 arrows
Armour
 a - a +0 robe (worn)
 i - a +2 cloak (worn)
 P - a +1 hat (worn)
Magical Staves
 F - an uncursed staff of fire (weapon)
Jewellery
 b - an uncursed amulet of harm
 e - a +2 ring of intelligence
 k - an uncursed ring of flight
 l - a +3 ring of intelligence (left hand)
 p - an uncursed ring of resist corrosion
 q - an uncursed ring of positive energy
 y - an uncursed ring of wizardry
 K - an uncursed amulet of the acrobat
 M - a ring of poison resistance (right hand)
 O - an amulet of magic regeneration (around neck)
 S - an uncursed amulet of the gourmand
 T - a cursed ring of loudness
Wands
 o - a wand of disintegration (27)
 A - a wand of flame (85)
 C - a wand of enslavement (17)
 E - a wand of scattershot (9)
 G - a wand of random effects (31)
 H - a wand of iceblast (3)
 J - a wand of paralysis (14)
 L - a wand of acid (6)
 U - a wand of digging (7)
Scrolls
 f - 14 scrolls of remove curse
 m - 6 scrolls of teleportation
 s - 3 scrolls of enchant armour
 t - a scroll of identify
 D - 4 scrolls of fear
 N - a scroll of brand weapon
 R - a scroll of amnesia
Potions
 g - 3 potions of might
 h - 2 potions of heal wounds
 n - 5 potions of curing
 r - 2 potions of berserk rage
 u - a potion of haste
 v - a potion of resistance
 x - 2 potions of flight
 z - 5 potions of lignification
 B - a potion of agility
 I - a potion of degeneration
 Q - a potion of cancellation
Comestibles
 c - 21 rations
 V - 5 chunks of flesh


   Skills:
 + Level 8.9 Fighting
 * Level 8.3 Staves
 + Level 10.0 Dodging
 - Level 2.0 Stealth
 + Level 8.4 Spellcasting
 + Level 11.4 Conjurations
 + Level 12.5 Fire Magic
 * Level 7.5 Evocations


You had 12 spell levels left.
You knew the following spells:

 Your Spells              Type           Power        Failure   Level  Hunger
a - Flame Tongue          Conj/Fire      #####        1%          1    None
b - Throw Flame           Conj/Fire      ######       1%          2    None
c - Conjure Flame         Conj/Fire      #######.     1%          3    None
d - Sticky Flame          Conj/Fire      #######.     1%          4    ##.....
e - Fireball              Conj/Fire      #######...   1%          5    #####..
f - Magic Dart            Conj           ####         1%          1    None

Your spell library contained the following spells:

 Spells                   Type           Power        Failure   Level  Hunger
 Slow                     Hex            #.......     10%         2    None
 Confuse                  Hex            #.......     21%         3    None
 Mephitic Cloud           Conj/Pois/Air  ####....     1%          3    None
 Blink                    Tloc           N/A          10%         2    None
 Call Imp                 Summ           #.......     10%         2    None
 Tukima's Dance           Hex            #.......     21%         3    None
 Stone Arrow              Conj/Erth      #####.       1%          3    None
 Passwall                 Tmut/Erth      #.......     10%         2    None
 Ensorcelled Hibernation  Hex/Ice        #.....       10%         2    None
 Corona                   Hex            #......      7%          1    None
 Lee's Rapid Deconstruct  Erth           #.........   41%         5    #####..
 Sandblast                Erth           #.....       1%          1    None
 Petrify                  Tmut/Erth      #.......     54%         4    ##.....
 Inner Flame              Hex/Fire       ######..     1%          3    None
 Dazzling Spray           Conj/Hex       #####.       1%          3    None


Dungeon Overview and Level Annotations

Branches:
Dungeon (12/15)            Temple (1/1) D:5            Lair (6/6) D:11
  Swamp (0/4) Lair:3       Spider (0/4) Lair:2          Orc (0/2) D:11
  Slime: Lair:5-6

Altars:
Ashenzari
Cheibriados
Dithmenos
Elyvilon
Fedhas
Gozag
Hepliaklqana
Kikubaaqudgha
Makhleb
Nemelex Xobeh
Okawaru
Qazlal
Ru
Sif Muna
Trog
Uskayaw
Vehumet
Wu Jian
Xom
Yredelemnul
Zin
The Shining One

Shops:
D:10 ?

Annotations:
Lair:1 Gastronok
Lair:2 3 runed doors, Bukan's ghost, journeyman DEFE
Lair:4 3 runed doors, exclusions: ice dragon and ice statue, Liukyprioga's ghost, journeyman NaWz; Zadusov's ghost, journeyman NaWz
Lair:5 exclusions: entropy weaver and worker ant


Innate Abilities, Weirdness & Mutations

You have a beak for a mouth.
You have claws for feet.
You can fly.


Message History

There is a stone staircase leading up, spattered with blood here.
The elephant burns!
The elephant tramples you!
* * * LOW HITPOINT WARNING * * *
You stumble backwards!
You stop ascending the stairs.
The elephant burns!
The elephant burns!
You kill the elephant!
Vehumet accepts your kill. The yak closely misses you.
You feel much better. The yak gores you!
* * * LOW HITPOINT WARNING * * *
Casting: Sticky Flame (safe; 1% risk of failure)
Confirm with . or Enter, or press ? or * to list all spells.
Aiming: Sticky Flame (safe; 1% risk of failure)
Press: ? - help, Shift-Dir - straight line, f - yak
Aim: a yak You feel a surge of power!
The sticky flame hits the yak.
The yak is lightly wounded.
The yak is covered in liquid flames!
The yak burns!
The yak gores you!
You die...

##......#..##...†.## ..
#P...##.....#......# ...
#....#.....†##....##
....#............#....#
#...<..#....##†....#
..##.....########....#
.........## ###......#
.##.......###...#.....#..
##.....YY@..............
#.......................
........................
.........................
..........#.....#..
........P#.P.### .
..#P...##.### ##P.. #.#


You could see an elephant and a yak (burning).

Vanquished Creatures
  2 hydras
  2 two-headed ogres
  A centaur warrior (D:11)
  A necromancer (Lair:3)
  A cyclops (D:12)
  An ugly thing (D:11)
  13 elephants
  A centaur zombie (D:11)
  3 black mambas
  9 spiny frogs
  3 komodo dragons
  2 trolls (D:11)
  12 slime creatures
  3 hippogriffs
  2 hornets (D:7)
  7 blink frogs
  A shadow (D:11)
  2 wyverns
  3 wraiths
  13 yaks
  3 hungry ghosts
  6 basilisks
  Menkaure (D:4)
  5 soldier ants
  10 water moccasins
  Duvessa (D:7)
  2 phantoms
  11 porcupines
  3 sky beasts
  3 orc warriors (D:11)
  A black bear (Lair:2)
  9 ice beasts
  A necrophage (D:11)
  10 wolves
  6 ogres
  12 centaurs
  9 crocodiles
  10 bullfrogs
  A wyvern zombie (D:6)
  Dowan (D:7)
  6 scorpions
  14 killer bees
  9 wights
  An electric eel (Lair:5)
  A howler monkey (D:8)
  5 crimson imps
  2 bullfrog zombies
  2 gnoll shamans
  7 hounds
  4 orc priests
  19 orc wizards
  4 centaur skeletons
  5 iguanas
  Natasha (D:3)
  13 worker ants
  4 polar bear simulacra (Lair:3)
  6 wolf simulacra (Lair:3)
  2 hound skeletons
  A worker ant zombie (D:5)
  24 gnolls
  A howler monkey skeleton (D:8)
  18 adders
  A shadow imp (D:5)
  An ooze (D:3)
  An adder zombie (D:8)
  2 worms (D:3)
  4 leopard geckos
  23 orcs
  2 ball pythons
  7 giant cockroaches
  10 goblins
  2 hobgoblins
  6 quokkas
  13 bats
  6 frilled lizards
  11 kobolds
  A leopard gecko skeleton (D:4)
  6 rats
  A river rat simulacrum (Lair:3)
433 creatures vanquished.

Vanquished Creatures (others)
  An orc wizard (D:11)
  2 bushes (Lair:3)
  12 fungi
  29 plants
  4 withered plants (Lair:4)
48 creatures vanquished.

Grand Total: 481 creatures vanquished

Notes
Turn   | Place    | Note
-------+----------+-------------------------------------------
     0 | D:1      | kae the Tengu Fire Elementalist began the quest for the Orb.
     0 | D:1      | Reached XP level 1. HP: 10/10 MP: 4/4
   454 | D:1      | Reached XP level 2. HP: 16/16 MP: 1/6
   710 | D:1      | Reached XP level 3. HP: 20/20 MP: 5/7
   907 | D:2      | Learned a level 2 spell: Throw Flame
   911 | D:2      | Learned a level 3 spell: Conjure Flame
   932 | D:2      | Reached skill level 1 in Fighting
  1052 | D:2      | Reached skill level 4 in Fire Magic
  1192 | D:2      | Found a stormy altar of Qazlal.
  1325 | D:2      | Reached XP level 4. HP: 25/25 MP: 6/8
  2005 | D:3      | Found a sacrificial altar of Ru.
  2107 | D:3      | Gained mutation: You can fly. [Tengu growth]
  2107 | D:3      | Reached XP level 5. HP: 18/29 MP: 2/9
  2611 | D:3      | Found an iron altar of Okawaru.
  2885 | D:3      | Reached skill level 5 in Fire Magic
  2885 | D:3      | Reached XP level 6. HP: 22/35 MP: 4/11
  3070 | D:3      | Noticed Natasha
  3120 | D:3      | Killed Natasha
  3507 | D:4      | Found a hazy altar of Hepliaklqana.
  3553 | D:4      | Found a sacrificial altar of Ru.
  4097 | D:4      | Noticed Menkaure
  4331 | D:4      | Learned a level 4 spell: Sticky Flame
  4344 | D:4      | Killed Menkaure
  4344 | D:4      | Reached XP level 7. HP: 17/40 MP: 6/12
  4607 | D:5      | Entered Level 5 of the Dungeon
  4637 | D:5      | Found a glowing silver altar of Zin.
  4704 | D:5      | Found a staircase to the Ecumenical Temple.
  4784 | Temple   | Entered the Ecumenical Temple
  5049 | D:5      | Reached skill level 6 in Fire Magic
  5895 | D:5      | Found a sparkling altar of Nemelex Xobeh.
  5912 | D:5      | Reached XP level 8. HP: 35/46 MP: 3/14
  6405 | D:6      | Found a basalt altar of Yredelemnul.
  6510 | D:6      | Found an opulent altar of Gozag.
  6816 | D:6      | Reached skill level 5 in Conjurations
  6822 | D:6      | Reached skill level 7 in Fire Magic
  7157 | D:6      | Found a snail-covered altar of Cheibriados.
  7164 | D:6      | Reached skill level 5 in Dodging
  7648 | D:7      | Found an ancient bone altar of Kikubaaqudgha.
  7654 | D:7      | Noticed a hornet
  7672 | D:7      | Reached XP level 9. HP: 32/52 MP: 8/16
  7676 | D:7      | Reached skill level 8 in Fire Magic
  7685 | D:7      | Killed a hornet
  8079 | D:7      | Reached skill level 5 in Spellcasting
  8532 | D:7      | Reached skill level 5 in Fighting
  8752 | D:7      | Noticed Duvessa
  8764 | D:7      | Noticed Dowan
  8782 | D:7      | Killed Duvessa
  8782 | D:7      | Reached skill level 9 in Fire Magic
  8797 | D:7      | Killed Dowan
  9347 | D:7      | Reached XP level 10. HP: 54/59 MP: 1/19
  9488 | D:7      | Found a glowing golden altar of the Shining One.
  9848 | D:7      | Found a white marble altar of Elyvilon.
 10345 | D:8      | Found a bloodstained altar of Trog.
 10751 | D:8      | Noticed a two-headed ogre
 10790 | D:8      | Reached skill level 10 in Fire Magic
 11016 | D:8      | Found a hide-covered altar of Uskayaw.
 11195 | D:8      | Killed a two-headed ogre
 12082 | D:9      | Found a radiant altar of Vehumet.
 12092 | D:9      | Became a worshipper of Vehumet
 13216 | D:10     | Entered Level 10 of the Dungeon
 13394 | D:10     | Identified a scroll of acquirement
 13567 | D:10     | Reached XP level 11. HP: 63/66 MP: 14/21
 13904 | D:10     | Reached skill level 11 in Fire Magic
 14041 | D:10     | Learned a level 1 spell: Magic Dart
 14126 | D:10     | Reached * piety under Vehumet
 14126 | D:10     | Offered knowledge of Sting by Vehumet.
 14294 | D:10     | Noticed a two-headed ogre
 14300 | D:10     | Killed a two-headed ogre
 14360 | D:10     | Found Obajuhaf's Magic Scroll Shoppe.
 14372 | D:10     | Bought a scroll of identify for 34 gold pieces
 14372 | D:10     | Bought a scroll of identify for 34 gold pieces
 14380 | D:10     | Learned a level 5 spell: Fireball
 14543 | D:11     | Noticed a centaur warrior
 14960 | D:11     | Found a staircase to the Lair.
 15092 | D:11     | Reached skill level 1 in Staves
 15092 | D:11     | Reached skill level 1 in Evocations
 15331 | D:11     | Found a staircase to the Orcish Mines.
 15810 | D:11     | Noticed a cyan ugly thing
 15814 | D:11     | Killed a cyan ugly thing
 15939 | D:11     | Killed a centaur warrior
 16892 | D:12     | Offered knowledge of Freeze by Vehumet.
 16926 | D:12     | Reached ** piety under Vehumet
 17438 | D:12     | Reached XP level 12. HP: 44/72 MP: 15/23
 18161 | D:12     | Reached skill level 10 in Conjurations
 19207 | Lair:1   | Entered Level 1 of the Lair of Beasts
 19229 | Lair:1   | Offered knowledge of Ignite Poison by Vehumet.
 19229 | Lair:1   | Reached skill level 5 in Staves
 19673 | Lair:1   | Reached skill level 5 in Evocations
 19677 | Lair:1   | Reached *** piety under Vehumet
 19862 | Lair:1   | Found a dark tunnel.
 19868 | Lair:1   | Noticed Gastronok
 19875 | Volcano  | Entered a volcano
 19897 | Volcano  | Noticed a red draconian
 20177 | Lair:2   | Found a runed gate.
 20178 | Lair:2   | Found a runed gate.
 20179 | Lair:2   | Found a runed gate.
 20210 | Lair:2   | Noticed Bukan's ghost (journeyman DEFE)
 20210 | Lair:2   | Noticed a 12-headed hydra
 20212 | Lair:2   | Noticed a nine-headed hydra
 20739 | Lair:2   | Reached skill level 12 in Fire Magic
 20821 | Lair:2   | Noticed a five-headed hydra
 20833 | Lair:2   | Killed a five-headed hydra
 21253 | Lair:2   | Found a hole to the Spider Nest.
 21461 | Lair:3   | Found a staircase to the Swamp.
 21570 | Lair:3   | Reached XP level 13. HP: 33/78 MP: 13/25
 23135 | Lair:3   | Offered knowledge of Fulminant Prism by Vehumet.
 23877 | Lair:4   | Noticed an ice dragon
 24250 | Lair:4   | Found a runed gate.
 24250 | Lair:4   | Found a runed gate.
 24250 | Lair:4   | Found a runed gate.
 24250 | Lair:4   | Noticed Liukyprioga's ghost (journeyman NaWz)
 24252 | Lair:4   | Noticed Zadusov's ghost (journeyman NaWz)
 24986 | Lair:5   | Reached **** piety under Vehumet
 25023 | Lair:5   | Noticed an entropy weaver
 25279 | Lair:5   | Offered knowledge of Static Discharge by Vehumet.
 25692 | Lair:5   | HP: 2/79 [komodo dragon (24)]
 26019 | Lair:5   | HP: 2/79 [elephant (18)]
 27679 | Lair:6   | Entered Level 6 of the Lair of Beasts
 28335 | Lair:6   | Reached skill level 10 in Dodging
 28503 | Lair:6   | HP: 1/80 [elephant (16)]
 28509 | Lair:6   | Mangled by a yak

Vault maps used:
D:1:      mrwooster_arrival_statue_3, hex_medium, minmay_box_of_dots
D:2:      grunt_qazlal_sundering, st_stairs_5
D:3:      lemuel_doored_altar, first_ration, minmay_misc_feat_rugged,
          st_stairs_2, okawaru_metal_pillars_3, uniq_natasha
D:4:      overflow_temple_1_default, nicolae_ru_path_of_blood, uniq_menkaure
D:5:      nemelex_xobeh_ov_fountains_minmay, overflow_temple_1_default,
          temple_fountains
D:6:      lemuel_coloured_pillars_altar,
          nicolae_gozag_cash_rules_everything_around_me, basic_altar
D:7:      overflow_temple_1_default, kennysheep_mini_moat,
          kennysheep_little_box, grunt_ogre_cave, eino_tiny_chamber,
          minmay_joined_circles, uniq_duvessa
D:8:      minmay_flawed_box, bloody_trog, eat_drink_and_be_merry_uskayaw
D:9:      vehumet_altar_wand_db
D:10:     serial_shops, shop, kb_lookout_dungeons_type
D:11:     lair_entry_dummy, orc_0_dummy
Temple:   nicolae_temple_figure_zero
Lair:1:   nicolae_volcano_entry_lava_flow, beast_lair_carwin_1,
          lemuel_fruit_fields, uniq_gastronok
Lair:2:   spider_nest_entry_web_field, gammafunk_ghost_hydra_chop
Lair:3:   swamp_mist, wad_woods_06, eino_house_with_fridge
Lair:4:   gammafunk_ghost_cemetery, ice2_lemuel
Lair:5:   wad_woods_antlair, grunt_megastairs_1, serial_bayou_shore_a
Lair:6:   grunt_lair_end_beastmaster, slime_altar_2
Volcano:  volcano_pools

Skill      XL: |  1  2  3  4  5  6  7  8  9 10 11 12 13 |
---------------+----------------------------------------+-----
Conjurations   | 2 3 4 5 7 8 9 10 11 | 11.4
Fighting       | 1 2 3 4 5 6 7 8 |  8.9
Fire Magic     | 4 5 6 7 9 10 11 12 | 12.5
Dodging        | 3 4 5 6 7 8 9 10 | 10.0
Spellcasting   | 3 4 5 6 7 8 |  8.4
Staves         | 3 6 8 |  8.3
Evocations     | 3 5 7 |  7.5
Stealth        | |  2.0

Action                   |  1- 3 |  4- 6 |  7- 9 | 10-12 | 13-15 || total
-------------------------+-------+-------+-------+-------+-------++-------
Melee: Club              |    10 |       |       |       |       ||    10
       Kick              |     6 |     5 |    33 |    44 |     7 ||    95
       Unarmed           |     2 |     2 |       |       |       ||     4
       Short sword       |     8 |    43 |    99 |   118 |       ||   268
       Peck              |     1 |     2 |    17 |    26 |     4 ||    50
       Staff             |       |       |       |    70 |    18 ||    88
 Cast: Flame Tongue      |    41 |    86 |   142 |   455 |   259 ||   983
       Throw Flame       |     3 |    12 |    18 |   149 |    80 ||   262
       Conjure Flame     |       |     1 |     5 |    24 |    12 ||    42
       Sticky Flame      |       |     1 |    18 |    58 |    49 ||   126
       Magic Dart        |       |       |       |    23 |       ||    23
       Fireball          |       |       |       |     4 |       ||     4
Evoke: Wand              |       |       |     7 |     7 |       ||    14
  Use: Scroll            |       |     9 |     1 |    15 |    10 ||    35
       Potion            |       |     1 |     1 |     1 |     2 ||     5
 Stab: Sleeping          |       |     4 |     1 |     1 |       ||     6
       Distracted        |       |       |     1 |       |       ||     1
  Eat: Chunk             |     1 |     9 |    13 |    25 |    18 ||    66
       Ration            |       |     1 |     1 |     6 |     2 ||    10
Armor: Robe              |    10 |    12 |    29 |    48 |    26 ||   125
Dodge: Dodged            |    39 |    46 |    95 |   343 |   189 ||   712

Table legend:
 A = Spawn XP
 B = Non-spawn XP
 C = Spawn XP percentage of total XP
 D = Spawn monster count
 E = Non-spawn monster count
 F = Spawn count percentage of total count
 G = Total turns spent on level
                    A         B        C        D         E        F      G
               +---------+---------+-------+---------+---------+-------+---------
         Total |       0 |   50317 |   0.0 |       0 |     434 |   0.0 | 28509
               +---------+---------+-------+---------+---------+-------+---------
           D:1 |       0 |      39 |   0.0 |       0 |      23 |   0.0 |   901
           D:2 |       0 |      51 |   0.0 |       0 |      17 |   0.0 |   698
           D:3 |       0 |     295 |   0.0 |       0 |      39 |   0.0 |  1652
           D:4 |       0 |     339 |   0.0 |       0 |      12 |   0.0 |  1356
           D:5 |       0 |     498 |   0.0 |       0 |      27 |   0.0 |  1604
           D:6 |       0 |     789 |   0.0 |       0 |      14 |   0.0 |  1291
           D:7 |       0 |    3342 |   0.0 |       0 |      34 |   0.0 |  2684
           D:8 |       0 |    2254 |   0.0 |       0 |      37 |   0.0 |  1668
           D:9 |       0 |     889 |   0.0 |       0 |      15 |   0.0 |  1339
          D:10 |       0 |    3177 |   0.0 |       0 |      21 |   0.0 |  1354
          D:11 |       0 |    5017 |   0.0 |       0 |      33 |   0.0 |  2596
          D:12 |       0 |    6016 |   0.0 |       0 |      35 |   0.0 |  1946
        Lair:1 |       0 |    4139 |   0.0 |       0 |      23 |   0.0 |   882
        Lair:2 |       0 |    4265 |   0.0 |       0 |      12 |   0.0 |  1308
        Lair:3 |       0 |    4749 |   0.0 |       0 |      34 |   0.0 |  2366
        Lair:4 |       0 |    1181 |   0.0 |       0 |       9 |   0.0 |  1263
        Lair:5 |       0 |    8618 |   0.0 |       0 |      35 |   0.0 |  3120
        Lair:6 |       0 |    4659 |   0.0 |       0 |      14 |   0.0 |   325
               +---------+---------+-------+---------+---------+-------+---------
